 Dungeon Crawl Stone Soup version 0.31-a0-1589-g8f5e8aebd6 (webtiles) character file.

Game seed: 6155207070328587895

147 voltaire321 the Digger (level 5, -1/38 HPs)
             Began as a Demonspawn Earth Elementalist on Jan 6, 2024.
             Slain by an unseen horror (7 damage)
             ... on level 6 of the Dungeon.
             The game lasted 00:06:23 (2395 turns).

voltaire321 the Digger (DsEE)                       Turns: 2395, Time: 00:06:24

Health: -1/38      AC: 11    Str: 10    XL:     5   Next: 8%
Magic:  0/9        EV: 10    Int: 16    God:
Gold:   115        SH:  0    Dex: 13    Spells: 5/9 levels left

rFire   . . .        h - +0 short sword
rCold   + . .        (no shield)
rNeg    . . .        e - +1 ring mail {rC+}
rPois   .            (helmet restricted)
rElec   .            i - +2 cloak
rCorr   .            k - +0 pair of gloves
SInv    .            d - +0 pair of boots
Will    .....        (no amulet)
Stlth   +            (no ring)
HPRegen 0.26/turn    (no ring)
MPRegen 0.11/turn

%: no passive effects
@: very slightly contaminated
A: antennae 2, powered by death 2
a: no special abilities


You were on level 6 of the Dungeon.
You visited 1 branch of the dungeon, and saw 4 of its levels.

You collected 115 gold pieces.

Inventory:

Hand Weapons
 h - a +0 short sword (weapon)
Armour
 d - a +0 pair of boots (worn)
 e - a +1 ring mail of cold resistance (worn)
 i - a +2 cloak (worn)
 k - a +0 pair of gloves (worn)
Scrolls
 c - a scroll of vulnerability {unknown}
 j - a scroll of immolation {unknown}
 l - a scroll of torment {unknown}
Potions
 b - a potion of magic
 f - a potion of brilliance {unknown}


   Skills:
 + Level 1.8 Fighting
 + Level 1.6 Armour
 + Level 2.5 Dodging
 - Level 1.7 Stealth
 + Level 2.7 Spellcasting
 + Level 1.4 Conjurations
 + Level 3.3 Earth Magic


You had 5 spell levels left.
You knew the following spells:

 Your Spells              Type           Power      Damage    Failure   Level
a - Sandblast             Erth           24%        2d8       13%         1
b - Passwall              Erth           12%        N/A       36%         3

Your spell library contained the following spells:

 Spells                   Type           Power      Damage    Failure   Level
 Magic Dart               Conj           24%        1d4       26%         1
 Searing Ray              Conj           12%        2d4       38%         2
 Stone Arrow              Conj/Erth      18%        3d8       50%         3
 Lesser Beckoning         Tloc           4%         N/A       58%         2
 Gell's Gravitas          Tloc           2%         N/A       82%         3
 Teleport Other           Tloc           2%         N/A       82%         3
 Brom's Barrelling Bould  Conj/Erth      9%         2d3       88%         4
 Petrify                  Alch/Erth      7%         N/A       94%         4
 Fulminant Prism          Conj/Alch      2%         3d5       98%         4
 Alistair's Intoxication  Alch           1%         N/A       100%        5
 Borgnjor's Vile Clutch   Necr/Erth      3%         N/A       100%        5
 Eringya's Noxious Bog    Alch           1%         4d6       100%        6


Dungeon Overview and Level Annotations

Branches:
Dungeon (3/15)

Altars:

Annotations:
D:6 1 runed translucent door, Crazy Yiuf


Innate Abilities, Weirdness & Mutations

You have a pair of antennae on your head.
You regenerate health from kills.


Message History

The antennae on your head grow some more.
This is a scroll of acquirement!
Something appears at your feet! Something hits you!
As you read the scroll labelled PIUPSI VUWOI, it crumbles to dust.
You feel aware of your surroundings.
You sensed 2 altars.
It was a scroll of revelation.
An unseen horror comes into view.
The iguana hisses angrily.
The unseen horror hits you!
* * * LOW HITPOINT WARNING * * *
Your magical contamination has completely faded away.
Aiming: Sandblast (safe; 13% risk of failure)
Press: ? - help, Q - select action Shift-Dir - straight line, f - unseen horror
Aim: an unseen horror (slightly transparent, 82% to hit)
The blast of sand hits the unseen horror.
The unseen horror is lightly wounded.
Something hits you.
* * * LOW HITPOINT WARNING * * *
Something hits you but does no damage.
Aiming: Sandblast (safe; 13% risk of failure)
Press: ? - help, Q - select action Shift-Dir - straight line, f - black bear
Aim: a black bear (87% to hit)
The blast of sand hits the black bear.
The black bear is moderately wounded.
Something hits you.
* * * LOW HITPOINT WARNING * * *
Something completely misses you.
Aiming: Sandblast (safe; 13% risk of failure)
Press: ? - help, Q - select action Shift-Dir - straight line, f/p - black bear
Aim: a black bear (moderately wounded, 87% to hit)
You miscast Sandblast.
You are very lightly contaminated with residual magic.
Nothing appears to happen.
Something hits you but does no damage.
Aiming: Sandblast (safe; 13% risk of failure)
Press: ? - help, Q - select action Shift-Dir - straight line, f/p - black bear
Aim: a black bear (moderately wounded, 87% to hit)
The blast of sand hits something.
Something hits you!
You die...

*~~~..~..~..~..~~#.##.######
***~~~..~..~~...~##.##.# #
**<**,~..~.......###.##.#
*,,**,.~~........##.....#
*,***,...........###.####
*,**,,.....(......##....#
****,****#.....#hl########.#
,,,*,* #...###{####### #.#
**,*,****#..####@####### #.#
*,,,,,,,..#####.####### #.#
******,,,........#########.#
,,,,,,,,,#######....(......#
******,,,........###########
********,###############
,,,,,,,,,###############
**********


You could see a black bear and an iguana.

Vanquished Creatures
  A bullfrog (D:6)
  2 adders (D:2)
  3 ribbon worms (D:2)
  4 dart slugs
  An orc (D:2)
  4 endoplasms
  4 giant cockroaches (D:1)
  5 goblins
  4 hobgoblins
  2 quokkas
  5 ball pythons
  5 bats
  A frilled lizard (D:2)
  2 kobolds (D:2)
  2 rats
45 creatures vanquished.

Notes
Turn   | Place    | Note
-------+----------+-------------------------------------------
     0 | D:1      | voltaire321 the Demonspawn Earth Elementalist began the
                  | quest for the Orb.
     0 | D:1      | Reached XP level 1. HP: 13/13 MP: 3/3
   275 | D:1      | Gained mutation: You regenerate a little health from kills.
                  | [demonic ancestry]
   275 | D:1      | Reached XP level 2. HP: 20/20 MP: 3/5
   968 | D:1      | Reached skill level 1 in Fighting
  1061 | D:2      | Gained mutation: You have a pair of small antennae on your
                  | head. [demonic ancestry]
  1061 | D:2      | Reached XP level 3. HP: 20/26 MP: 0/6
  1173 | D:2      | Reached skill level 1 in Armour
  1250 | D:2      | Reached skill level 3 in Earth Magic
  1398 | D:2      | Found a faded altar of an unknown god.
  2035 | D:2      | Gained mutation: You regenerate health from kills. [demonic
                  | ancestry]
  2035 | D:2      | Reached XP level 4. HP: 32/32 MP: 2/7
  2133 | D:2      | Learned a level 3 spell: Passwall
  2315 | D:3      | You fall into a shaft and drop 3 floors!
  2332 | D:6      | Found a runed translucent door.
  2333 | D:6      | Noticed Crazy Yiuf
  2382 | D:6      | Noticed a bullfrog
  2385 | D:6      | Noticed a black bear
  2388 | D:6      | Killed a bullfrog
  2389 | D:6      | Gained mutation: You have a pair of antennae on your head.
                  | [demonic ancestry]
  2389 | D:6      | Reached XP level 5. HP: 17/38 MP: 3/9
  2389 | D:6      | Identified a scroll of acquirement
  2389 | D:6      | Acquired 1046 gold pieces
  2390 | D:6      | Noticed an unseen horror
  2395 | D:6      | Slain by an unseen horror

Illustrated notes

Levels and vault maps discovered:
D:1:      evilmike_arrival_home_sweet_home, layout_loops_cross,
          minmay_misc_feat_doors, serial_bayou_pond_c, fountainhead,
          minmay_misc_feat_alley, minmay_worlds_worst_comb
D:2:      layout_basic, shapermc_ecumenical_altar_totnotflames
D:3:      layout_basic, minmay_goblin_outpost
D:6:      cheibrodos_helix_gallery, layout_loops_ring, kennysheep_mini_moat,
          mainiacjoe_overflow_alcove_1, kennysheep_opposing_triangles,
          uniq_jeremiah, uniq_crazy_yiuf_cottage, uniq_maggie

Skill      XL: |  1  2  3 |
---------------+----------+-----
Dodging        | 2 |  2.5
Fighting       | 1 |  1.8
Armour         | 1 |  1.6
Earth Magic    | 3 |  3.3
Stealth        | |  1.7
Spellcasting   | |  2.7
Conjurations   | |  1.4

Action                     |  1- 3 |  4- 6 || total
---------------------------+-------+-------++-------
  Melee: Unarmed           |    22 |       ||    22
         Dagger            |    12 |       ||    12
         Short sword       |    17 |       ||    17
   Cast: Sandblast         |    62 |    14 ||    76
    Use: Scroll            |       |     2 ||     2
 Armour: Robe              |    25 |       ||    25
         Ring mail         |    39 |    17 ||    56
  Dodge: Dodged            |    48 |     4 ||    52

Table legend: (Time is in decaauts)
 A = Elapsed time spent in this place.
 B = Non-inter-level travel time spent in this place.
 C = Inter-level travel time spent in this place.
 D = Time resting spent in this place.
 E = Time spent auto-exploring this place.
 F = Levels seen in this place.
 G = Mean time per level.
                   A        B        C        D        E       F      G
               +--------+--------+--------+--------+--------+-----+--------+
         Total |   2435 |   2389 |     46 |    560 |   1292 |   4 |  608.8 |
       Dungeon |   2435 |   2389 |     46 |    560 |   1292 |   4 |  608.8 |
               +--------+--------+--------+--------+--------+-----+--------+

Top non-repeatable levels by time:
     D:2: 1233 daAuts
     D:1: 1072 daAuts
     D:6: 82 daAuts
     D:3: 47 daAuts
